 Dungeon Crawl Stone Soup version 0.25-a0-294-gea9b1ad (webtiles) character file.

Game seed: 15163892453056298221, levelgen mode: deterministic

117768 Birdy the Brawler (level 16, -10/146 HPs)
             Began as a White Draconian Fighter on Dec 18, 2019.
             Was a Priest of Sif Muna.
             Mangled by a wolf spider (17 damage)
             ... on level 1 of the Spider Nest.
             The game lasted 01:50:58 (30739 turns).

Birdy the Brawler (White Draconian Fighter)        Turns: 30739, Time: 01:50:59

Health: -10/146    AC: 10    Str: 24    XL:     16   Next: 24%
Magic:  0/33       EV: 17    Int: 12    God:    Sif Muna [***...]
Gold:   1400       SH:  0    Dex: 11    Spells: 6/15 levels left

rFire    . . .     SeeInvis .     - Unarmed
rCold    + . .     Gourm    .   (no shield)
rNeg     . . .     Faith    .   (armour unavailable)
rPois    .         Spirit   +   (helmet restricted)
rElec    .         Reflect  .   o - scarf {cloud immunity}
rCorr    .         Harm     .   J - +0 pair of gloves
MR       +....                  (no boots)
Stlth    +.........             y - amulet of guardian spirit
HPRegen  0.34/turn              w - ring of magical power
MPRegen  0.23/turn              F - +4 ring of slaying

@: flying, very slightly contaminated
A: breathe frost, unfitting armour, clever 1, cold resistance 1, no potion heal
1, cold-blooded, AC +9
a: Breathe Frost, Channel Magic, Forget Spell, Renounce Religion


You were on level 1 of the Spider Nest.
You worshipped Sif Muna.
Sif Muna was most pleased with you.
You were not hungry.

You visited 5 branches of the dungeon, and saw 25 of its levels.
You also visited: Bailey.

You collected 2414 gold pieces.
You spent 1014 gold pieces at shops.

Inventory:

Missiles
 l - 18 javelins (quivered)
Armour
 o - a scarf of cloud immunity (worn)
 J - a +0 pair of gloves (worn)
Jewellery
 i - a +3 ring of strength
 r - an uncursed amulet of regeneration
 s - an uncursed ring of positive energy
 u - an uncursed ring of resist corrosion
 w - a ring of magical power (left hand)
 y - an amulet of guardian spirit (around neck)
 z - an uncursed ring of see invisible
 F - a +4 ring of slaying (right hand)
Wands
 d - a wand of digging (23)
 e - a wand of paralysis (8)
 p - a wand of flame (4)
 G - a wand of iceblast (2)
Scrolls
 a - 7 scrolls of identify
 f - 12 scrolls of remove curse
 g - a scroll of holy word
 h - a scroll of amnesia
 j - 7 scrolls of teleportation
 n - 7 scrolls of enchant armour
 B - 2 scrolls of vulnerability
 E - 2 scrolls of enchant weapon
 K - 2 scrolls of magic mapping
Potions
 b - 6 potions of curing
 k - 5 potions of brilliance
 t - 2 potions of cancellation
 x - a potion of flight
 C - 3 potions of magic
 H - a potion of lignification
Comestibles
 c - 19 rations


   Skills:
 - Level 14.1 Fighting
 - Level 10.0 Dodging
   Level 3.0 Shields
 - Level 17.3 Unarmed Combat
 - Level 10.6 Hexes
 + Level 6.2 Transmutations
 - Level 11.8 Invocations


You had 6 spell levels left.
You knew the following spells:

 Your Spells              Type           Power        Failure   Level  Hunger
a - Tukima's Dance        Hex            ####....     1%          3    ####...
b - Statue Form           Tmut/Erth      #........    100%        6    #######

Your spell library contained the following spells:

 Spells                   Type           Power        Failure   Level  Hunger
 Confusing Touch          Hex            ####..       1%          1    ##.....
 Corona                   Hex            ####...      1%          1    ##.....
 Confuse                  Hex            ####....     1%          3    ####...
 Cause Fear               Hex            ####......   4%          4    #####..
 Ensorcelled Hibernation  Hex/Ice        ##....       6%          2    ###....
 Dazzling Flash           Conj/Hex       ##....       12%         3    ####...
 Summon Guardian Golem    Hex/Summ       ##......     12%         3    ####...
 Passwall                 Tmut/Erth      #.......     14%         2    ###....
 Spider Form              Tmut/Pois      #.........   28%         3    ####...
 Yara's Violent Unravell  Hex/Tmut       ###.......   30%         5    ######.
 Infusion                 Chrm           #...         32%         1    ##.....
 Magic Dart               Conj           #...         32%         1    ##.....
 Pain                     Necr           #...         32%         1    ##.....
 Sandblast                Erth           #.....       32%         1    ##.....
 Shock                    Conj/Air       #...         32%         1    ##.....
 Fulminant Prism          Conj/Hex       ##........   36%         4    #####..
 Leda's Liquefaction      Hex/Erth       ##........   36%         4    #####..
 Blink                    Tloc           N/A          45%         2    ###....
 Searing Ray              Conj           #.....       45%         2    ###....
 Shroud of Golubria       Chrm/Tloc      #.....       45%         2    ###....
 Swiftness                Chrm/Air       #.......     45%         2    ###....
 Petrify                  Tmut/Erth      #.......     67%         4    #####..
 Gell's Gravitas          Tloc           #.........   69%         3    ####...
 Static Discharge         Conj/Air       #.......     69%         3    ####...
 Metabolic Englaciation   Hex/Ice        ##........   71%         5    ######.
 Bolt of Magma            Conj/Fire/Erth #.........   100%        5    ######.
 Excruciating Wounds      Chrm/Necr      #.........   100%        5    ######.
 Death Channel            Necr           #.........   100%        6    #######
 Iron Shot                Conj/Erth      #.........   100%        6    #######
 Starburst                Conj/Fire      #.........   100%        6    #######
 Malign Gateway           Summ/Tloc      #.........   100%        7    #######
 Shatter                  Erth           #.........   100%        9    #######


Dungeon Overview and Level Annotations

Branches:
Dungeon (15/15)            Temple (0/1) D:7            Lair (6/6) D:10
 Shoals (1/4) Lair:4       Spider (1/4) Lair:2        Slime (0/5) Lair:6
    Orc (2/2) D:12            Elf (0/3) Orc:2        Vaults (0/5) D:13
 Depths (0/5) D:15         Bailey (visited)

Altars:
Ashenzari
Elyvilon
Fedhas
Hepliaklqana
Okawaru
Qazlal
Sif Muna
Yredelemnul
The Shining One
Beogh

Shops:
D:7 [   D:8 =   D:10 ?   D:15 (   Orc:2 %(%%[

Annotations:
D:6 1 exclusion
D:9 2 transporters, AlolanVulpixel's ghost, novice CeMo


Innate Abilities, Weirdness & Mutations

You can breathe waves of freezing cold.
You can buffet flying creatures when you breathe cold.
Your icy white scales are hard. (AC +9)
You cannot fit into any form of body armour.
Your flesh is cold resistant. (rC+)
You are cold-blooded and may be slowed by cold attacks.
Your mind is acute. (Int +2)
Potions are less effective at restoring your health.


Message History

The wolf spider bites you but does no damage.
The wolf spider hits you.
* * * LOW HITPOINT WARNING * * *
The wolf spider bites you.
* * * LOW HITPOINT WARNING * * *
You are lethally poisoned!
The wolf spider poisons you! The wolf spider barely misses you. x2
The wolf spider hits you but does no damage.
The wolf spider bites you but does no damage.
The wolf spider completely misses you.
The wolf spider bites you but does no damage.
Your surroundings seem slightly different.
* * * LOW HITPOINT WARNING * * *
You feel very sick. The wolf spider completely misses you.
The wolf spider bites you!
* * * LOW HITPOINT WARNING * * *
Unknown command.
Your system partially rejects the healing.
You feel better. The wolf spider hits you!!
You die...

####≈#....###......#
#≈#.....^..#^......###### ##
#.......#≈###.....###≈≈.# #≈#
##......#..#.......#....###≈≈#
≈......##..#..^...≈≈....≈≈.≈≈#
#≈.....#...#.....≈#>..###...##
.#.....#...#.....#...........#
.##........#.....#...........#
..#.......##...s@#..........##
..#.....^.#.§..ss...........≈#
..##......#...(s.^..........≈#
...####s..s....^......####≈#≈#
..........^....s............##
.........................§..#
.....)...................#..#
..............#≈##≈###≈≈.#..≈#
......^...##≈≈#.......^#≈≈# ≈#


You could see 4 wolf spiders, a jumping spider and a redback.

Vanquished Creatures
  Jorgrun (D:13)
  Roxanne (Shoals:1)
  An entropy weaver (Spider:1)
  Nessos (Orc:2)
  Snorg (D:10)
  A merfolk impaler (Lair:4)
  Josephine (D:13)
  6 hydras
  Fannar (D:10)
  3 centaur warriors (D:14)
  2 ice dragons (D:15)
  Erica (D:9)
  8 two-headed ogres
  An alligator (Lair:6)
  An ogre mage (D:15)
  4 tengu warriors (D:15)
  3 orc high priests (Orc:2)
  Nergalle (D:10)
  The ghost of Dietz the Slicer, a novice HaAM of Lugonu (D:8)
  4 unseen horrors
  A wizard (D:14)
  Pikel (D:8)
  8 orc knights
  5 wolf spiders
  A wolf spider zombie (D:15)
  5 orb spiders (Spider:1)
  4 orc sorcerers (Orc:2)
  6 ugly things
  A manticore (D:14)
  2 cyclopes (D:13)
  4 black mambas
  A gargoyle (D:9)
  4 centaur zombies
  5 centaur skeletons
  30 spiny frogs
  7 komodo dragons
  An efreet (D:14)
  3 demonic crawlers (Spider:1)
  4 orange demons (D:12)
  3 rime drakes
  10 jumping spiders
  6 trolls
  3 red devils (D:12)
  3 tyrant leeches (Lair:6)
  A queen bee (D:8)
  5 hippogriffs
  32 blink frogs
  15 slime creatures (D:13)
  Sigmund (D:5)
  7 tarantellas (Spider:1)
  2 shadows (D:12)
  3 water elementals (D:14)
  23 redbacks
  6 wraiths
  A spriggan (Lair:6)
  5 wyverns
  32 yaks
  Grum (D:8)
  11 humans (D:13)
  3 basilisks
  3 hungry ghosts
  A steam dragon (D:12)
  Edmund (D:3)
  13 vampire mosquitoes
  5 wargs
  13 water moccasins
  4 porcupines
  5 black bears
  3 ice beasts
  A sky beast (D:12)
  39 orc warriors
  2 phantoms
  A necrophage (D:9)
  10 ogres
  3 eyes of draining
  7 wolves
  5 centaurs
  4 big kobolds
  12 crocodiles
  Blork the orc (D:5)
  22 bullfrogs
  2 gnoll sergeants
  2 wyvern skeletons
  8 scorpions
  30 killer bees
  6 howler monkeys
  6 electric eels
  11 crimson imps
  16 jellies
  23 orc priests
  Crazy Yiuf (D:5)
  2 hounds
  2 bullfrog skeletons
  An iguana (D:4)
  11 worker ants
  17 orc wizards
  A hound zombie (D:5)
  2 hound skeletons
  A worker ant zombie (D:10)
  16 gnolls
  14 adders
  4 shadow imps
  3 oozes
  3 adder skeletons
  An adder zombie (D:8)
  2 worms
  2 dart slugs (D:1)
  9 leopard geckos
  114 orcs
  9 giant cockroaches
  5 hobgoblins
  10 jackals
  25 kobolds
  2 quokkas
  A ball python (D:4)
  A ball python skeleton (D:5)
  10 bats
  4 frilled lizards
  7 goblins
  2 quokka skeletons
  7 rats
  2 butterflies
  A fungus (D:5)
860 creatures vanquished.

Vanquished Creatures (others)
  A demonic crawler (Spider:1)
  A human (D:13)
  7 dancing weapons
  3 bushes (Lair:6)
  16 fungi
  56 plants
84 creatures vanquished.

Grand Total: 944 creatures vanquished

Notes
Turn   | Place    | Note
-------+----------+-------------------------------------------
     0 | D:1      | Birdy the Draconian Fighter began the quest for the Orb.
     0 | D:1      | Reached XP level 1. HP: 19/19 MP: 1/1
   114 | D:1      | Reached XP level 2. HP: 23/26 MP: 2/2
   476 | D:1      | Reached skill level 3 in Unarmed Combat
   499 | D:1      | Reached XP level 3. HP: 33/33 MP: 3/3
  1308 | D:2      | Found a stormy altar of Qazlal.
  1311 | D:2      | Found a blossoming altar of Fedhas.
  1393 | D:2      | Reached XP level 4. HP: 28/40 MP: 4/4
  1797 | D:3      | Reached skill level 4 in Unarmed Combat
  2067 | D:3      | Reached skill level 10 in Unarmed Combat
  2067 | D:3      | Reached XP level 5. HP: 55/55 MP: 5/5
  2764 | D:3      | Found a hazy altar of Hepliaklqana.
  2778 | D:3      | Reached XP level 6. HP: 62/62 MP: 6/6
  3189 | D:4      | Noticed Edmund
  3216 | D:3      | Killed Edmund
  3509 | D:4      | Your scales start taking on an icy white colour.
  3509 | D:4      | Reached XP level 7. HP: 69/69 MP: 7/7
  3509 | D:4      | Gained mutation: Your flesh is cold resistant. (rC+) [White
                  | Draconian growth]
  4186 | D:4      | Found a shimmering blue altar of Sif Muna.
  4192 | D:4      | Became a worshipper of Sif Muna the Loreminder
  4328 | D:5      | Entered Level 5 of the Dungeon
  4372 | D:5      | Noticed Blork the orc
  4389 | D:5      | Killed Blork the orc
  4438 | D:5      | Reached skill level 1 in Invocations
  4533 | D:5      | Reached * piety under Sif Muna
  4758 | D:5      | Noticed Sigmund
  4775 | D:5      | Reached XP level 8. HP: 65/78 MP: 9/9
  4779 | D:5      | Killed Sigmund
  4779 | D:5      | Reached skill level 11 in Unarmed Combat
  5366 | D:5      | Found a runed translucent door.
  5367 | D:5      | Noticed Crazy Yiuf
  5374 | D:5      | Killed Crazy Yiuf
  6083 | D:6      | Found a glowing golden altar of the Shining One.
  6084 | D:6      | Found a white marble altar of Elyvilon.
  6731 | D:7      | Found a shattered altar of Ashenzari.
  6984 | D:7      | Found Saygrolael's Armour Shop.
  7072 | D:7      | Found a staircase to the Ecumenical Temple.
  7348 | D:8      | Reached XP level 9. HP: 84/84 MP: 11/11
  7380 | D:8      | Noticed a queen bee
  7424 | D:8      | Reached ** piety under Sif Muna
  7436 | D:8      | Killed a queen bee
  7930 | D:8      | Reached skill level 12 in Unarmed Combat
  7957 | D:8      | Reached skill level 10 in Fighting
  8271 | D:8      | Found Nywaqau's Jewellery Shop.
  8285 | D:8      | Identified the Almanac of Circular Logic
  8291 | D:8      | Learned a level 3 spell: Tukima's Dance
  8439 | D:8      | Found a basalt altar of Yredelemnul.
  8526 | D:8      | Found a runed translucent gate.
  8528 | D:8      | Found a runed translucent gate.
  8528 | D:8      | Found a runed translucent gate.
  8529 | D:8      | Noticed Dietz's ghost (novice HaAM)
  8554 | D:8      | Killed Dietz's ghost
  8554 | D:8      | Reached skill level 5 in Invocations
  8554 | D:8      | Reached XP level 10. HP: 86/93 MP: 11/13
  8651 | D:8      | Noticed Pikel
  8676 | D:8      | Killed Pikel
  8699 | D:8      | Noticed Grum
  8711 | D:8      | Killed Grum
  8834 | D:8      | Reached *** piety under Sif Muna
  9012 | D:9      | Noticed Erica
  9019 | D:9      | Killed Erica
  9176 | D:9      | Reached skill level 13 in Unarmed Combat
  9597 | D:9      | Noticed a gargoyle
  9619 | D:9      | Killed a gargoyle
  9701 | D:9      | Noticed AlolanVulpixel's ghost (novice CeMo)
  9744 | D:9      | Found a transporter.
  9748 | D:9      | Found a transporter.
  9819 | D:10     | Entered Level 10 of the Dungeon
  9823 | D:10     | Noticed Snorg
  9831 | D:10     | Killed Snorg
  9831 | D:10     | Reached XP level 11. HP: 72/102 MP: 14/16
 10064 | D:10     | Reached **** piety under Sif Muna
 10090 | D:10     | Noticed Nergalle
 10099 | D:10     | Killed Nergalle
 10151 | D:10     | Found Haonu's Magic Scroll Shop.
 10302 | D:10     | Found a flagged portal.
 10311 | Bailey   | Entered a bailey
 10553 | Bailey   | Gained mutation: You passively map a small area around you.
                  | [potion of mutation]
 10553 | Bailey   | Gained mutation: You have a pair of small horns on your
                  | head. [potion of mutation]
 10737 | Bailey   | Reached XP level 12. HP: 110/110 MP: 17/17
 10825 | Bailey   | Reached ***** piety under Sif Muna
 11225 | D:10     | Identified Sif Muna's Grimoire of the Excruciating Rocks
                  | (Sif Muna gifted it to you on level 10 of the Dungeon)
 11225 | D:10     | Received a gift from Sif Muna
 11474 | D:10     | Reached skill level 14 in Unarmed Combat
 11622 | D:10     | Noticed a two-headed ogre
 11630 | D:10     | Killed a two-headed ogre
 11742 | D:10     | Noticed Fannar
 11758 | D:10     | Killed Fannar
 11766 | D:10     | Found a staircase to the Lair.
 11849 | D:10     | Got a scorched long sword
 11850 | D:10     | Identified the cursed +0 long sword "Killer Klown's Curse"
                  | {freeze, +Rage Int-2 Dex+2 Stlth+} (You found it on level
                  | 10 of the Dungeon)
 11916 | Lair:1   | Entered Level 1 of the Lair of Beasts
 13474 | Lair:2   | Found a hole to the Spider Nest.
 14129 | Lair:3   | Noticed a seven-headed hydra
 14305 | Lair:3   | Reached XP level 13. HP: 111/118 MP: 19/19
 15586 | D:12     | Reached skill level 15 in Unarmed Combat
 16778 | D:12     | Found a roughly hewn altar of Beogh.
 16778 | D:12     | Found a staircase to the Orcish Mines.
 16954 | Orc:1    | Entered Level 1 of the Orcish Mines
 17243 | D:8      | Bought a +4 ring of slaying for 1014 gold pieces
 17553 | Lair:3   | Identified Ecriw's Reference Book on Arcane Weapons (Sif
                  | Muna gifted it to you on level 3 of the Lair of Beasts)
 17553 | Lair:3   | Received a gift from Sif Muna
 18428 | Lair:4   | Reached skill level 10 in Invocations
 18587 | Lair:4   | Found a staircase to the Shoals.
 19583 | Lair:5   | Reached skill level 10 in Dodging
 19601 | Lair:5   | Reached XP level 14. HP: 113/129 MP: 21/21
 19829 | Lair:5   | Reached skill level 16 in Unarmed Combat
 20431 | Lair:6   | Entered Level 6 of the Lair of Beasts
 20739 | Lair:6   | Found a staircase to the Slime Pits.
 20802 | Lair:6   | Identified Fehar's Guide on the Assistive Escort (Sif Muna
                  | gifted it to you on level 6 of the Lair of Beasts)
 20802 | Lair:6   | Received a gift from Sif Muna
 21965 | Lair:6   | Got an ichor-stained great sword
 21972 | Lair:6   | Identified the +7 great sword "Malueg" {protect, rN+ MR+}
                  | (You found it on level 6 of the Lair of Beasts)
 22079 | Lair:6   | Reached skill level 17 in Unarmed Combat
 22911 | D:13     | You fall into a shaft and drop 2 floors!
 22911 | D:15     | Entered Level 15 of the Dungeon
 23005 | D:14     | Identified Sif Muna's Handbook of the Traveller and
                  | Execration (Sif Muna gifted it to you on level 14 of the
                  | Dungeon)
 23005 | D:14     | Received a gift from Sif Muna
 23099 | D:14     | Found a shattered altar of Ashenzari.
 23335 | D:13     | Noticed Jorgrun
 23384 | D:13     | Noticed Josephine
 23678 | Orc:2    | Entered Level 2 of the Orcish Mines
 23678 | Orc:2    | Noticed Nessos
 23687 | Orc:2    | Killed Nessos
 23687 | Orc:2    | Reached skill level 1 in Hexes
 23700 | Orc:2    | Reached XP level 15. HP: 51/138 MP: 19/23
 23907 | Orc:2    | Found Saubien's Armour Shop.
 24052 | Orc:2    | Found a staircase to the Elven Halls.
 24360 | Orc:2    | Found Uddoroh's Food Shop.
 24381 | Orc:2    | Reached skill level 5 in Hexes
 24420 | Orc:2    | Found Rodunok's Food Shoppe.
 24426 | Orc:2    | Found Heklups's Weapon Shoppe.
 24428 | Orc:2    | Found Xaaph's Food Shop.
 25246 | D:13     | Killed Jorgrun
 25332 | D:13     | Killed Josephine
 25547 | D:13     | Found a blossoming altar of Fedhas.
 25812 | D:13     | Found a gate to the Vaults.
 26070 | D:14     | Identified Sif Muna's Almanac of Black Secrets and
                  | Transmutation (Sif Muna gifted it to you on level 14 of the
                  | Dungeon)
 26070 | D:14     | Received a gift from Sif Muna
 26817 | D:15     | Found an iron altar of Okawaru.
 27203 | D:15     | Found Vuehuzxi's Antique Weapon Shop.
 27421 | D:15     | Reached skill level 10 in Hexes
 28067 | D:15     | Found a staircase to the Depths.
 28347 | D:15     | Lost mutation: You have a pair of small horns on your head.
                  | [potion of mutation]
 28347 | D:15     | Lost mutation: You passively map a small area around you.
                  | [potion of mutation]
 28347 | D:15     | Gained mutation: Potions are less effective at restoring
                  | your health. [potion of mutation]
 28347 | D:15     | Gained mutation: Your mind is acute. (Int +2) [potion of
                  | mutation]
 28632 | Shoals:1 | Entered Level 1 of the Shoals
 28632 | Shoals:1 | Noticed Roxanne
 29255 | Shoals:1 | Killed Roxanne
 29569 | Lair:2   | Learned a level 6 spell: Statue Form
 29570 | Spider:1 | Entered Level 1 of the Spider Nest
 29575 | Spider:1 | Reached skill level 1 in Transmutations
 29582 | Spider:1 | Reached XP level 16. HP: 134/146 MP: 19/24
 29885 | Spider:1 | Reached skill level 5 in Transmutations
 30738 | Spider:1 | HP: 1/146 [wolf spider (7)]
 30739 | Spider:1 | Mangled by a wolf spider

Levels and vault maps discovered:
D:1:      dpeg_arrival_brainrot, layout_rooms
D:2:      layout_basic, grunt_temple_overflow_forces_of_nature,
          serial_bayou_ford_a
D:3:      layout_basic, overflow_temple_1_default, kennysheep_potato
D:4:      layout_loops_ring, first_ration, minivault_27, led_sif_pool,
          uniq_edmund
D:5:      wad_lake_hut, layout_basic, uniq_blork_the_orc,
          uniq_crazy_yiuf_cottage, uniq_sigmund
D:6:      layout_basic, gammafunk_temple_overflow_statue, minivault_14,
          chequers_avenue
D:7:      layout_loops_corners, ashenzari_conservatory_becter,
          minmay_temple_entry_mini_moons, serial_shops, shop_fountains
D:8:      layout_basic, yredelemnul_altar_generic, gammafunk_ghost_split,
          minmay_shop_enchanted_jewellery, david_nohive_1, uniq_grum, uniq_pikel
D:9:      layout_rooms, gammafunk_ghost_hive, minivault_14, kb_rosetta,
          uniq_erica
D:10:     layout_stronghold, grunt_lair_entry_orc_guard_hut, enter_bailey_2,
          serial_shops, shop, uniq_fannar, uniq_nergalle, uniq_snorg
D:11:     layout_basic
D:12:     layout_small_grid, david_orc_5, minmay_beelzebubs_servants
D:13:     layout_roguey, ximxim_vaults_locker_room, fedhas_altar_fruit_tree,
          uniq_josephine, uniq_jorgrun
D:14:     layout_gridville, serial_bayou, serial_bayou_lake_a,
          serial_bayou_pond_e, serial_bayou_pond_c, serial_bayou_shore_a,
          ashenzari_altar_1
D:15:     grunt_enter_depths_hoard, layout_small_grid, basic_altar,
          serial_shops, nicolae_shop_overgrown_old_shop
Lair:1:   layout_layer_cave, lemuel_fruit_fields, grunt_megastairs_3,
          infiniplex_staircase_pool_2
Lair:2:   layout_regular_city, spider_nest_entry_funnel_web,
          lemuel_fruit_fields, infiniplex_staircase_pool
Lair:3:   layout_regular_city
Lair:4:   layout_long_grid, elwin_shoals_entry_rooms, serial_bayou_lagoon_b
Lair:5:   layout_regular_city
Lair:6:   minmay_lair_end_frog_pond, layout_big_grid,
          minmay_slime_entry_jelly_boxes, minivault_27,
          grunt_forest_large_clearing_hut
Shoals:1: layout_shoals, uniq_roxanne
Spider:1: layout_spider_delve, nicolae_spider_nook
Orc:1:    layout_caves
Orc:2:    st_orc_elflike, layout_caves, serial_shops, shop, uniq_nessos

Skill      XL: |  1  2  3  4  5  6  7  8  9 10 11 12 13 14 15 16 |
---------------+-------------------------------------------------+-----
Unarmed Combat | 3 10 11 12 13 14 15 17 | 17.3
Fighting       | 4 8 9 10 11 12 13 14 | 14.1
Invocations    | 1 3 5 6 7 8 10 11 | 11.8
Dodging        | 8 10 | 10.0
Hexes          | 2 10 | 10.6
Transmutations | 1 6 |  6.2
Shields        | |  3.0

Action                   |  1- 3 |  4- 6 |  7- 9 | 10-12 | 13-15 | 16-18 || total
-------------------------+-------+-------+-------+-------+-------+-------++-------
Melee: Unarmed           |   158 |   104 |   293 |   482 |  1306 |   101 ||  2444
       Tailslap          |    19 |    11 |    27 |    61 |   236 |    18 ||   372
       Punch             |     3 |     4 |    14 |    23 |   125 |     5 ||   174
       Headbutt          |       |       |       |    44 |   311 |       ||   355
Throw: Javelin           |       |       |       |     4 |     2 |       ||     6
 Cast: Tukima's Dance    |       |       |       |     1 |    23 |       ||    24
       Statue Form       |       |       |       |       |     1 |     1 ||     2
Invok: Divine Exegesis   |       |       |       |     1 |     3 |     1 ||     5
 Abil: Breathe Frost     |       |       |    33 |    23 |    54 |       ||   110
Evoke: Wand              |       |       |       |    28 |    50 |    11 ||    89
  Use: Scroll            |       |     6 |    12 |     6 |    17 |     2 ||    43
       Potion            |       |     2 |    10 |    15 |    21 |     4 ||    52
 Stab: Invisible         |       |       |     7 |     3 |     4 |       ||    14
       Sleeping          |       |       |       |     2 |     2 |       ||     4
  Eat: Chunk             |     1 |     3 |    15 |    20 |    28 |     1 ||    68
       Ration            |       |     1 |     2 |     2 |    10 |     2 ||    17
Armor: Skin              |    41 |    19 |    83 |   143 |   256 |    91 ||   633
Dodge: Dodged            |    86 |    42 |   165 |   291 |   808 |   159 ||  1551
Block: Shield            |    11 |       |       |       |       |       ||    11

Table legend:
 A = Non-vault XP
 B = Vault XP
 C = Vault XP percentage of total XP
 D = Non-vault monster count
 E = Vault monster count
 F = Vault count percentage of total count
                 A         B        C        D         E       F
            +---------+---------+-------+---------+---------+-------
      Total |  101446 |   54103 |  34.8 |     628 |     230 |  26.8
            +---------+---------+-------+---------+---------+-------
        D:1 |      44 |       5 |  10.2 |      26 |       1 |   3.7
        D:2 |      51 |       0 |   0.0 |      22 |       0 |   0.0
        D:3 |     202 |     171 |  45.8 |      25 |       3 |  10.7
        D:4 |     297 |       0 |   0.0 |      20 |       0 |   0.0
        D:5 |     435 |     366 |  45.7 |      27 |       3 |  10.0
        D:6 |     362 |       0 |   0.0 |      11 |       0 |   0.0
        D:7 |     688 |       0 |   0.0 |      17 |       0 |   0.0
        D:8 |    1371 |    3196 |  70.0 |      28 |      23 |  45.1
        D:9 |    1318 |    1569 |  54.3 |      33 |       5 |  13.2
       D:10 |    3346 |    3382 |  50.3 |      32 |       7 |  17.9
       D:11 |    5068 |       0 |   0.0 |      44 |       0 |   0.0
       D:12 |    5336 |    4338 |  44.8 |      39 |      30 |  43.5
       D:13 |    9774 |    6669 |  40.6 |      48 |      16 |  25.0
       D:14 |   11768 |       0 |   0.0 |      32 |       0 |   0.0
       D:15 |   12090 |    1938 |  13.8 |      21 |       2 |   8.7
     Lair:1 |    1222 |     815 |  40.0 |       6 |       2 |  25.0
     Lair:2 |    1474 |     753 |  33.8 |       6 |       3 |  33.3
     Lair:3 |    7753 |       0 |   0.0 |      24 |       0 |   0.0
     Lair:4 |    5259 |       0 |   0.0 |      18 |       0 |   0.0
     Lair:5 |    6304 |     169 |   2.6 |      28 |       1 |   3.4
     Lair:6 |    7440 |   15420 |  67.5 |      29 |      66 |  69.5
   Shoals:1 |       0 |    1985 | 100.0 |       0 |       1 | 100.0
   Spider:1 |   15173 |    1203 |   7.3 |      47 |       3 |   6.0
      Orc:1 |    2670 |       0 |   0.0 |      24 |       0 |   0.0
      Orc:2 |    2001 |    9462 |  82.5 |      21 |      26 |  55.3
     Bailey |       0 |    2662 | 100.0 |       0 |      38 | 100.0
            +---------+---------+-------+---------+---------+-------
